 Dungeon Crawl Stone Soup version 0.29.1-2-gbd0b4ee654 (webtiles) character file.

Game seed: 8246272229540510387

392 firemarshallily the Covert (level 6, -4/47 (56) HPs)
             Began as a Naga Brigand on Oct 29, 2022.
             Slain by a wight
             ... wielding a +0 trident
              (5 damage)
             ... on level 4 of the Dungeon.
             The game lasted 00:08:43 (3538 turns).

firemarshallily the Covert (Naga Brigand)           Turns: 3538, Time: 00:08:44

HP:   -4/47 (56)    AC:  5    Str: 13    XL:     6   Next: 81%
MP:   6/6           EV:  9    Int: 11    God:
Gold: 225           SH:  0    Dex: 15    Spells: 5/5 levels left

rFire   . . .      SeeInvis +   g - +2 dagger (elec)
rCold   . . .      Faith    .   (no shield)
rNeg    . . .      Spirit   .   b - +0 robe
rPois   +          Reflect  .   (no helmet)
rElec   .          Harm     .   c - +0 cloak
rCorr   .          Rampage  .   r - +0 pair of gloves
Will    .....                   (no barding)
Stlth   ++++......              j - amulet of the acrobat
HPRegen 0.15/turn               (no ring)
MPRegen 0.10/turn               (no ring)

@: studying Stealth, heavily drained, very slow
A: AC +2, large, see invisible, deformed body, poison resistance, slowness 2,
spit poison 1, naga tail 1
a: Spit Poison


You were on level 4 of the Dungeon.
You visited 1 branch of the dungeon, and saw 4 of its levels.

You collected 225 gold pieces.

Inventory:

Hand Weapons
 a - a +2 vorpal dagger
 g - a +2 dagger of electrocution (weapon)
Missiles
 d - 9 poisoned darts
 e - 3 curare-tipped darts
Armour
 b - a +0 robe (worn)
 c - a +0 cloak (worn)
 r - a +0 pair of gloves (worn)
 v - a +0 buckler
Jewellery
 j - an amulet of the acrobat (around neck)
 o - an amulet of faith
 t - a ring of protection from fire
Scrolls
 f - a scroll of fear
 m - a scroll of teleportation
 n - a scroll of blinking
 q - a scroll of immolation
 s - a scroll of butterflies
 u - a scroll of enchant weapon {unknown}
Potions
 h - a potion of mutation {unknown}
 i - a potion of brilliance
 k - 2 potions of heal wounds
 l - a potion of attraction
 p - 2 potions of curing {unknown}


   Skills:
 + Level 3.5 Fighting
 * Level 4.7 Short Blades
 - Level 1.7 Throwing
 - Level 0.7 Dodging
 * Level 9.1 Stealth


You had 5 spell levels left.
You didn't know any spells.
Your spell library contained the following spells:

 Spells                   Type           Power      Damage    Failure   Level
 Apportation              Tloc           0%         N/A       34%         1
 Necrotise                Necr           0%         1d4       34%         1
 Summon Small Mammal      Summ           0%         N/A       34%         1
 Hailstorm                Conj/Ice       0%         3d3       98%         4
 Ice Form                 Ice/Tmut       0%         N/A       98%         4
 Simulacrum               Ice/Necr       0%         N/A       100%        6


Dungeon Overview and Level Annotations

Branches:
Dungeon (4/15)             Temple (0/1) D:4

Altars:
Fedhas


Innate Abilities, Weirdness & Mutations

Your serpentine skin is tough. (AC +2)
You have supernaturally acute eyesight. (SInv)
Armour fits poorly on your strangely shaped body.
Your system is resistant to poisons. (rPois)
You cover ground very slowly.
You can spit poison.
You have a snake-like lower body.


Message History

The wight hits you with a +0 trident.
You feel drained.
You closely miss the wight.
The wight is lightly damaged.
You hit the wight.
The wight is lightly damaged.
The wight barely misses you.
You hit the wight but do no damage.
The wight is lightly damaged.
The wight hits you with a +0 trident.
You feel drained.
You barely miss the wight.
The wight is lightly damaged.
The wight hits you with a +0 trident!
You closely miss the wight.
The wight is lightly damaged.
The wight hits you with a +0 trident.
You hit the wight.
The wight is moderately damaged.
You hit the wight but do no damage.
The wight is moderately damaged.
The wight hits you with a +0 trident!
You feel drained.
You hit the wight but do no damage.
The wight is moderately damaged.
The wight hits you with a +0 trident.
You barely miss the wight.
The wight is moderately damaged.
The wight hits you with a +0 trident.
* * * LOW HITPOINT WARNING * * *
You feel drained.
* * * LOW HITPOINT WARNING * * *
You hit the wight but do no damage. Your punch misses the wight.
The wight is moderately damaged.
You hit the wight.
The wight is heavily damaged.
The wight misses you.
You barely miss the wight.
The wight is heavily damaged.
The wight hits you with a +0 trident!
* * * LOW HITPOINT WARNING * * *
You feel drained.
You die...

#..###........##########.#
#.......####....)........#
#.####.## #.#############
#......# #.# ######## #.#
#######.# #.......#
#.#####.# #@# #z# #.# #.#
... ... ... ##.##


You could see a wight.

Vanquished Creatures
  A black bear (D:4)
  A wight (D:4)
  An orc priest (D:4)
  An iguana (D:4)
  9 adders
  4 gnolls (D:2)
  2 worms (D:3)
  4 dart slugs
  2 orcs (D:4)
  5 bats
  7 endoplasms
  2 giant cockroaches (D:2)
  3 goblins
  6 hobgoblins
  6 jackals (D:1)
  3 kobolds
  2 quokkas
  2 ball pythons
  2 frilled lizards (D:2)
  5 rats
68 creatures vanquished.

Notes
Turn   | Place    | Note
-------+----------+-------------------------------------------
     0 | D:1      | firemarshallily the Naga Brigand began the quest for the
                  | Orb.
     0 | D:1      | Reached XP level 1. HP: 19/19 MP: 1/1
   130 | D:1      | Reached skill level 6 in Stealth
   153 | D:1      | Reached XP level 2. HP: 11/26 MP: 2/2
   825 | D:2      | Reached XP level 3. HP: 33/33 MP: 3/3
  1119 | D:2      | Reached skill level 7 in Stealth
  1119 | D:2      | Reached XP level 4. HP: 40/40 MP: 4/4
  1311 | D:2      | Found a blossoming altar of Fedhas.
  1476 | D:2      | Reached XP level 5. HP: 48/48 MP: 5/5
  1949 | D:3      | Found a blossoming altar of Fedhas.
  2065 | D:3      | Found a faded altar of an unknown god.
  2749 | D:4      | Found a staircase to the Ecumenical Temple.
  2848 | D:4      | Reached skill level 8 in Stealth
  2904 | D:4      | Reached XP level 6. HP: 56/56 MP: 6/6
  3036 | D:4      | Noticed a black bear
  3043 | D:4      | Killed a black bear
  3329 | D:4      | Reached skill level 9 in Stealth
  3538 | D:4      | HP: 1/49 [wight/+0 trident (11)]
  3538 | D:4      | Slain by a wight

Illustrated notes

Levels and vault maps discovered:
D:1:      nzn_arrival_depleted_hourglass, layout_rooms
D:2:      layout_loops_ring, basic_altar
D:3:      layout_loops_corners, fedhas_altar_4, nicolae_ecumenical_lake_church
D:4:      layout_loops_corners, minmay_temple_entry_proselytizer

Skill      XL: |  1  2  3  4  5  6 |
---------------+-------------------+-----
Stealth        | 6 7 8 9 |  9.1
Short Blades   | 3 4 |  4.7
Fighting       | 3 |  3.5
Throwing       | |  1.7
Dodging        | |  0.7

Action                   |  1- 3 |  4- 6 || total
-------------------------+-------+-------++-------
Melee: Dagger            |    42 |   121 ||   163
 Abil: Spit Poison       |    18 |     5 ||    23
  Use: Scroll            |       |    11 ||    11
 Stab: Sleeping          |     1 |    20 ||    21
       Distracted        |     1 |       ||     1
Armor: Robe              |     9 |    19 ||    28
Dodge: Dodged            |    14 |    48 ||    62
